 Dungeon Crawl Stone Soup version 0.29.1-13-g9f3cf754e1 (webtiles) character file.

Game seed: 10076486257555625188

3559 Ghostortoast the Cleaver (level 10, -23/59 HPs)
             Began as a Gargoyle Fighter on Feb 12, 2023.
             Was a Follower of Trog.
             Killed by the air
             ... invoked by Gastronok
              (32 damage)
             ... on level 7 of the Dungeon.
             The game lasted 00:34:19 (10089 turns).

Ghostortoast the Cleaver (Gargoyle Fighter)        Turns: 10089, Time: 00:34:20

Health: -23/59     AC: 19    Str: 25    XL:     10   Next: 9%
Magic:  0/10       EV: 10    Int:  8    God:    Trog [*.....]
Gold:   381        SH:  4    Dex:  9    Spells: 9/9 levels left

rFire   . . .      SeeInvis .   H - +1 war axe (venom)
rCold   + + .      Faith    .   c - +0 buckler
rNeg    + . .      Spirit   +   B - +3 ring mail {rC+}
rPois   ∞          Reflect  .   C - +0 helmet
rElec   +          Harm     .   t - +0 cloak
rCorr   .          Rampage  .   (no gloves)
Will    .....                   e - +0 pair of boots of the Dice {Regen+ Slay+3}
Stlth   ..........              n - amulet of guardian spirit
HPRegen 0.99/turn               z - ring of protection from cold
MPRegen 0.12/turn               (no ring)

@: hasted and slowed
A: sickness immunity, AC +7, negative energy resistance 1, electricity
resistance, torment resistance 1, petrification resistance
a: Renounce Religion, Berserk


You were on level 7 of the Dungeon.
You worshipped Trog.
Trog was aware of your devotion.
You visited 2 branches of the dungeon, and saw 9 of its levels.

You collected 381 gold pieces.

Inventory:

Hand Weapons
 a - a +1 war axe
 H - a +1 war axe of venom (weapon)
Missiles
 m - 108 stones
 p - 4 atropa-tipped darts
 w - 7 poisoned darts (quivered)
Armour
 c - a +0 buckler (worn)
 e - the +0 pair of boots of the Dice (worn) {Regen+ Slay+3}
   (You found it on level 5 of the Dungeon)

   Slay:      It affects your accuracy & damage with ranged weapons and melee
   (+3).
   Regen:     It increases your rate of health regeneration.
 t - a +0 cloak (worn)
 B - a +3 ring mail of cold resistance (worn)
 C - a +0 helmet (worn)
 E - a +0 plate armour
Jewellery
 l - a +6 ring of intelligence
 n - an amulet of guardian spirit (around neck)
 z - a ring of protection from cold (left hand)
 G - a ring of resist corrosion
Wands
 u - a wand of iceblast (36)
 D - a wand of quicksilver (10)
Scrolls
 j - a scroll of fear {unknown}
 o - a scroll of enchant weapon
 s - 3 scrolls of teleportation
 y - a scroll of fog
 F - a scroll of identify
 I - a scroll of enchant armour
Potions
 b - a potion of invisibility {unknown}
 d - 2 potions of might
 f - 2 potions of lignification
 g - 3 potions of attraction
 h - 2 potions of magic
 i - 2 potions of mutation {unknown}
 k - 4 potions of flight {unknown}
 q - 3 potions of curing {unknown}
 r - 3 potions of ambrosia {unknown}
 v - 2 potions of haste
 x - a potion of brilliance {unknown}
 A - a potion of berserk rage {unknown}
 J - a potion of heal wounds {unknown}


   Skills:
 - Level 5.0 Fighting
 * Level 12.2 Axes
 - Level 5.0 Armour
 - Level 3.2 Shields


You had 9 spell levels left.
You didn't know any spells.
Your spell library contained the following spells:

 Spells                   Type           Power      Damage    Failure   Level
 Magic Dart               Conj           0%         1d3       65%         1
 Ensorcelled Hibernation  Hex/Ice        0%         N/A       78%         2
 Passwall                 Tmut/Erth      0%         N/A       78%         2
 Searing Ray              Conj           0%         2d4       78%         2
 Conjure Flame            Conj/Fire      0%         6-21      95%         3
 Gell's Gravitas          Tloc           0%         N/A       95%         3
 Ignite Poison            Fire/Tmut/Pois 0%         N/A       95%         3
 Portal Projectile        Hex/Tloc       0%         N/A       95%         3
 Swiftness                Air            0%         N/A       95%         3
 Teleport Other           Tloc           0%         N/A       95%         3
 Tukima's Dance           Hex            0%         N/A       95%         3
 Fulminant Prism          Conj/Hex       0%         3d6       100%        4
 Sticky Flame             Conj/Fire      0%         2d3       100%        4
 Blade Hands              Tmut           0%         N/A       100%        5
 Dispersal                Tloc           0%         N/A       100%        6


Dungeon Overview and Level Annotations

Branches:
Dungeon (8/15)             Temple (1/1) D:6
   Lair: D:8-11

Altars:
Ashenzari
Cheibriados
Elyvilon
Fedhas
Gozag
Hepliaklqana
Makhleb
Nemelex Xobeh
Okawaru
Ru
Trog
Uskayaw
Vehumet
Wu Jian
Xom
Yredelemnul
Zin

Shops:
D:3 *

Annotations:
D:7 Gastronok
D:8 1 runed translucent door, Midpoint's ghost, journeyman DrCA


Innate Abilities, Weirdness & Mutations

You are immune to sickness and miasma.
Your stone body is resilient. (AC +7)
You are immune to poison.
You resist negative energy. (rN+)
You are resistant to electric shocks. (rElec)
You are resistant to unholy torment.
You are immune to petrification.


Message History

You throw a poisoned dart. The poisoned dart hits Gastronok.
Gastronok looks even sicker.
Gastronok is lightly wounded.
You hit Gastronok.
Gastronok looks as sick as possible!
Gastronok is lightly wounded.
Gastronok bites you but does no damage.
You slash Gastronok!
Gastronok looks as sick as possible!
Gastronok is lightly wounded.
Gastronok bites you.
You hit Gastronok.
Gastronok looks as sick as possible!
Gastronok is lightly wounded.
You slash Gastronok!
Gastronok looks as sick as possible!
Gastronok is moderately wounded.
Gastronok bites you!
You slash Gastronok!
Gastronok looks as sick as possible!
Gastronok is heavily wounded.
Gastronok bites you!!
You feel a sudden, passing aversion to salt.
A mysterious force pulls you upwards. The hatch slams shut behind you.
Gastronok mumbles some strange words.
Gastronok puts on a burst of speed!
You take on a slight green cast.
Gastronok gurgles, "I bet you'll be tasty."
You throw a poisoned dart. The poisoned dart hits Gastronok.
Gastronok is severely wounded.
Gastronok chants a spell, wobbling all the while.
You throw a poisoned dart. The poisoned dart hits Gastronok.
Gastronok looks as sick as possible!
Gastronok is severely wounded.
Gastronok waves his eye-stalks in wide circles.
The air twists around and strikes you!!!
Ouch! That really hurt!
* * * LOW HITPOINT WARNING * * *
You feel yourself speed up.
You are too injured to fight recklessly!
The quokka closely misses you.
Gastronok waves his eye-stalks in wide circles.
The air twists around and strikes you!!
Ouch! That really hurt!
You die...

.# #.....##..........# # .#
#.....##..........# # ###
###...##..........# # ..#
#...##..........# #
..##########...#############
# ..##......##...###########
# ..##......##.............#
# ..##......##.............#
# .###......####..@r....[..#
# ..##......# #...........#
# #.##).....#
#...........##### #
#..#......#
#.).............# #
##........#
#...............# #
###......# #.......w.....<.#
#
#......####...............#
#
#..........#########......#
# ##########..# #(.....# #


You could see Gastronok (swift, extremely poisoned) and a quokka (summoned).

Vanquished Creatures
  Pikel (D:6)
  Joseph (D:7)
  Grinder (D:5)
  A wyvern (D:7)
  Menkaure (D:7)
  2 ice beasts
  Duvessa (D:7)
  An orc warrior (D:7)
  A sky beast (D:7)
  3 black bears
  2 centaurs (D:5)
  A phantom (D:4)
  A kobold brigand (D:8)
  3 necrophages (D:6)
  2 scorpions (D:6)
  Dowan (D:7)
  A howler monkey (D:4)
  A gnoll bouda (D:5)
  A jelly (D:6)
  5 orc priests
  2 hounds
  3 iguanas
  7 orc wizards
  12 adders
  5 gnolls
  3 river rats (D:3)
  A shadow imp (D:6)
  A white imp (D:5)
  An ufetubus (D:6)
  A worm (D:3)
  8 dart slugs
  35 orcs
  8 bats
  9 endoplasms
  8 giant cockroaches
  7 goblins
  5 hobgoblins
  6 jackals
  5 quokkas
  10 ball pythons
  6 frilled lizards
  18 kobolds
  6 rats
198 creatures vanquished.

Vanquished Creatures (others)
  An orc wizard (D:8)
1 creature vanquished.

Grand Total: 199 creatures vanquished

Notes
Turn   | Place    | Note
-------+----------+-------------------------------------------
     0 | D:1      | Ghostortoast the Gargoyle Fighter began the quest for the
                  | Orb.
     0 | D:1      | Reached XP level 1. HP: 14/14 MP: 1/1
    32 | D:1      | Reached skill level 2 in Axes
   228 | D:1      | Reached XP level 2. HP: 19/19 MP: 2/2
   607 | D:1      | Reached skill level 3 in Axes
   696 | D:1      | Reached XP level 3. HP: 20/23 MP: 3/3
  1489 | D:2      | Found a faded altar of an unknown god.
  1594 | D:2      | Reached XP level 4. HP: 28/28 MP: 4/4
  1674 | D:2      | Found a shimmering altar of Xom.
  1752 | D:2      | Reached skill level 4 in Axes
  2095 | D:3      | Found Sorchava's General Store.
  2142 | D:3      | Found a sacrificial altar of Ru.
  2585 | D:3      | Reached XP level 5. HP: 26/32 MP: 5/5
  2935 | D:3      | Found a snail-covered altar of Cheibriados.
  3051 | D:3      | Found a blossoming altar of Fedhas.
  3261 | D:3      | Reached skill level 5 in Axes
  3743 | D:4      | Noticed a phantom
  3766 | D:4      | Noticed an ice beast
  4016 | D:4      | Reached XP level 6. HP: 34/37 MP: 6/6
  4364 | D:4      | Reached skill level 6 in Axes
  4581 | D:4      | Killed an ice beast
  4582 | D:4      | Reached XP level 7. HP: 33/43 MP: 5/7
  4960 | D:5      | Entered Level 5 of the Dungeon
  5426 | D:5      | Identified the +0 pair of boots of the Dice {Regen+ Slay+3}
  5449 | D:5      | Reached skill level 7 in Axes
  5755 | D:5      | Reached skill level 5 in Fighting
  5983 | D:5      | Noticed Grinder
  5995 | D:5      | Paralysed by Grinder for 3 turns
  6003 | D:5      | Killed Grinder
  6004 | D:5      | Reached XP level 8. HP: 49/49 MP: 8/8
  6983 | D:6      | Reached skill level 8 in Axes
  7061 | D:6      | Found a staircase to the Ecumenical Temple.
  7075 | Temple   | Entered the Ecumenical Temple
  7144 | Temple   | Became a worshipper of Trog the Wrathful
  7209 | D:6      | Reached skill level 5 in Armour
  7309 | D:6      | Noticed Pikel
  7330 | D:6      | Killed Pikel
  7331 | D:6      | Reached skill level 9 in Axes
  7331 | D:6      | Reached XP level 9. HP: 50/54 MP: 7/9
  7718 | D:6      | Reached skill level 10 in Axes
  8401 | D:7      | Noticed Duvessa
  8405 | D:7      | Killed Duvessa
  8426 | D:7      | Noticed Dowan
  8435 | D:7      | Killed Dowan
  8574 | D:7      | Noticed Menkaure
  8577 | D:7      | Killed Menkaure
  8597 | D:7      | Reached * piety under Trog
  8598 | D:7      | Reached skill level 11 in Axes
  8792 | D:7      | Noticed Joseph
  8811 | D:7      | Killed Joseph
  8812 | D:7      | Reached XP level 10. HP: 52/59 MP: 7/10
  9129 | D:8      | Reached skill level 12 in Axes
  9363 | D:8      | Noticed Midpoint's ghost (journeyman DrCA)
  9364 | D:8      | Found a runed translucent door.
  9364 | D:8      | Noticed Gastronok
 10089 | D:7      | Killed from afar by Gastronok

Illustrated notes

Levels and vault maps discovered:
D:1:      dpeg_arrival_rooms_a, layout_loops_corners, serial_aquarium,
          aquarium_bridge_straight [aquarium_subvault_bridge,
          aquarium_subvault_wall, aquarium_subvault_bridge,
          aquarium_subvault_balcony], aquarium_window_corner,
          aquarium_window_double, aquarium_window_2, aquarium_view_2a,
          aquarium_view_2c, aquarium_balcony_5b, aquarium_pool_corner,
          minmay_worlds_worst_comb
D:2:      layout_rooms, basic_altar, dreamdust_ecumenical_altar_statues
D:3:      layout_loops_ring, lemuel_crystal_altar, amcnicky_altar_gilded,
          fedhas_altar_fruit_tree, gup_sewer_entry_spiral, serial_shops,
          nicolae_shop_hallway_stairs, supply_closet_lemuel
D:4:      layout_rooms
D:5:      layout_cave_pods, grunt_ministairs_15, minmay_misc_feat_four_crosses,
          patterned_corridor, uniq_grinder
D:6:      layout_basic, minmay_temple_entry_drinking_statues, uniq_pikel
D:7:      layout_basic, uniq_duvessa, uniq_joseph, uniq_menkaure
D:8:      layout_loops_corners, tgw_sif, lemuel_tele_altar,
          hellmonk_ghost_happy_afterlife, uniq_gastronok
Temple:   eino_temple_lava

Skill      XL: |  1  2  3  4  5  6  7  8  9 10 |
---------------+-------------------------------+-----
Axes           | 2 3 4 5 6 7 9 11 12 | 12.2
Fighting       | 4 5 |  5.0
Armour         | 4 5 |  5.0
Shields        | |  3.2

Action                   |  1- 3 |  4- 6 |  7- 9 | 10-12 || total
-------------------------+-------+-------+-------+-------++-------
Melee: War axe           |   116 |   263 |   272 |    62 ||   713
Throw: Dart              |       |       |       |    14 ||    14
Invok: Berserk           |       |       |     1 |       ||     1
  Use: Scroll            |       |       |    13 |       ||    13
       Potion            |       |       |       |     1 ||     1
Armor: Scale mail        |    32 |       |       |       ||    32
       Chain mail        |    31 |   152 |       |       ||   183
       Ring mail         |       |     5 |   184 |    35 ||   224
Dodge: Dodged            |    64 |   107 |   132 |    17 ||   320
Block: Buckler           |    24 |    46 |    61 |    13 ||   144
